 Dungeon Crawl Stone Soup version 0.23-a0-586-gacb4b3f (webtiles) character file.

8401 galech the Cleaver (level 11, -4/83 HPs)
             Began as a Demonspawn Fighter on Dec 19, 2018.
             Was a High Priest of Okawaru.
             Slain by an ettin
             ... wielding a +0 dire flail
              (36 damage)
             ... on level 1 of the Orcish Mines.
             The game lasted 00:14:10 (11491 turns).

galech the Cleaver (Demonspawn Fighter)            Turns: 11491, Time: 00:14:11

Health: -4/83      AC: 26    Str: 16    XL:     11   Next: 9%
Magic:  5/12       EV: 12    Int: 11    God:    Okawaru [*****.]
Gold:   711        SH: 13    Dex: 18    Spells: 10/10 levels left

rFire    . . .     SeeInvis .   a - +0 war axe
rCold    . . .     Gourm    .   c - +0 shield
rNeg     . . .     Faith    .   C - +0 plate armour
rPois    .         Spirit   .   d - +0 helmet
rElec    .         Reflect  .   L - +2 cloak
rCorr    .         Harm     .   E - +1 pair of gloves
MR       .....                  (boots unavailable)
Stlth    ..........             (no amulet)
HPRegen  0.23/turn              h - +4 ring of protection
MPRegen  0.13/turn              x - +3 ring of dexterity

@: heroism, finesse
A: talons 3, repulsion field 2, powered by death 1
a: Heroism, Finesse, Renounce Religion


You were on level 1 of the Orcish Mines.
You worshipped Okawaru.
Okawaru was extremely pleased with you.
You were not hungry.

You visited 3 branches of the dungeon, and saw 13 of its levels.

You collected 711 gold pieces.

Inventory:

Hand Weapons
 a - a +0 war axe (weapon)
Armour
 c - a +0 shield (worn)
 d - a +0 helmet (worn)
 y - a +1 leather armour of fire resistance
 C - a +0 plate armour (worn)
 E - a +1 pair of gloves (worn)
 L - a +2 cloak (worn)
 N - the +1 robe "Qoge" {rF- rCorr Str+3 Dex+5}
   (You found it on level 11 of the Dungeon)

   It affects your strength (+3).
   It affects your dexterity (+5).
   It makes you vulnerable to fire.
   It provides partial protection from all sources of acid and corrosion.
Jewellery
 e - an uncursed ring of fire
 h - a +4 ring of protection (left hand)
 x - a +3 ring of dexterity (right hand)
 z - an uncursed ring of protection from fire
 I - an uncursed ring of protection from cold
 K - an uncursed ring of flight
Wands
 o - a wand of polymorph (8)
 t - a wand of random effects (17)
 A - a wand of acid (25)
Scrolls
 i - 7 scrolls of remove curse
 k - 5 scrolls of enchant armour
 m - 3 scrolls of enchant weapon
 q - 2 scrolls of fog
 r - 3 scrolls of immolation
 s - 3 scrolls of teleportation
 u - a scroll of fear
 v - a scroll of magic mapping {unknown}
 B - a scroll of amnesia {unknown}
 D - a scroll of torment {unknown}
 F - 3 scrolls of holy word {unknown}
 H - 5 scrolls of identify
Potions
 b - a potion of resistance {unknown}
 g - 4 potions of invisibility {unknown}
 j - 2 potions of haste {unknown}
 l - 2 potions of degeneration {unknown}
 n - 3 potions of ambrosia {unknown}
 p - 2 potions of brilliance {unknown}
 w - 2 potions of curing {unknown}
 G - 2 potions of berserk rage {unknown}
 J - a potion of lignification {unknown}
Comestibles
 f - 26 rations
 M - 6 chunks of flesh


   Skills:
 + Level 6.9(11.9) Fighting
 + Level 11.1(16.1) Axes
 + Level 6.8(11.8) Armour
 + Level 2.6(7.6) Dodging
 + Level 1.1(6.1) Stealth
 + Level 7.2(12.2) Shields
 + Level 0.1(5.1) Unarmed Combat
 + Level 1.3 Invocations


You had 10 spell levels left.
You didn't know any spells.
Your spell library was empty.

Dungeon Overview and Level Annotations

Branches:
Dungeon (11/15)            Temple (1/1) D:4            Lair (0/6) D:8
    Orc (1/2) D:11

Altars:
Ashenzari
Cheibriados
Dithmenos
Elyvilon
Fedhas
Gozag
Kikubaaqudgha
Nemelex Xobeh
Okawaru
Qazlal
Ru
Trog
Uskayaw
Wu Jian
Xom
Yredelemnul
Zin
The Shining One

Portals:
Trove: D:10 (give horn of Geryon)

Annotations:
D:5 2 transporters, Leeroy's ghost, novice GnSk


Innate Abilities, Weirdness & Mutations

You have claws for feet.
You are surrounded by a moderate repulsion field. (EV +3)
You regenerate a little health from kills.


Message History

Things that are here:
a +0 flail; a +0 chain mail; an orc corpse You butcher the orc corpse.
You feel like a meek peon again.
M - 6 chunks of flesh (gained 2)
Things that are here:
a +0 flail; a +0 chain mail; an orc skeleton You start resting.
You start resting.
An ettin comes into view. It is wielding two +0 dire flails.
An ettin is nearby!
The ettin shouts in stereo!
You gain the combat prowess of a mighty hero.
You fail to use your ability.
You can now deal lightning-fast blows.
The ettin hits you with a +0 dire flail!! x2
You hit the ettin. You claw the ettin, but do no damage.
The ettin is lightly wounded.
The ettin hits you with a +0 dire flail!!!
You die...

....... ..#$#
...........##....##
..............#.....
...$...............
#....$...........#
..##.#...#....^....
##.#...#.#........#
##.....#.....C...<.#
#............@....##
......#....)....##
#..##.....))....#
##.#........#........
#.........$......##.#
##....)........### #
#...........###
#........#...#
#.$......#.#.##


You could see an ettin.

Vanquished Creatures
  A two-headed ogre (D:8)
  A manticore (D:11)
  An ugly thing (D:11)
  A cyclops (D:9)
  3 trolls
  Prince Ribbit (D:8)
  Grinder (D:4)
  Sigmund (D:2)
  A spriggan (D:7)
  A steam dragon (D:11)
  2 ice beasts
  2 black bears
  5 orc warriors
  2 phantoms
  7 ogres
  An eye of draining (D:8)
  5 centaurs
  4 big kobolds
  6 bullfrogs
  A wyvern skeleton (D:11)
  2 scorpions (D:11)
  3 killer bees (D:10)
  5 howler monkeys
  6 crimson imps
  A bullfrog zombie (D:7)
  A centaur zombie (D:8)
  A quasit (D:11)
  7 hounds
  A bullfrog skeleton (D:6)
  A gnoll shaman (D:5)
  A jelly (D:6)
  8 orc priests
  Terence (D:2)
  5 iguanas
  9 orc wizards
  6 worker ants
  A hound skeleton (D:2)
  A hound zombie (D:6)
  Robin (D:2)
  4 worker ant zombies
  21 adders
  11 gnolls
  A howler monkey skeleton (D:4)
  A shadow imp (D:8)
  4 oozes
  An adder zombie (D:8)
  3 adder skeletons (D:2)
  2 worms
  A dart slug (D:5)
  7 leopard geckos
  36 orcs
  A ball python (D:2)
  3 bats
  A bat zombie (D:2)
  6 giant cockroaches
  17 goblins
  8 hobgoblins
  10 jackals
  19 kobolds
  5 quokkas
  6 frilled lizards
  2 giant cockroach zombies
  A quokka skeleton (D:2)
  A quokka zombie (D:6)
  6 rats
286 creatures vanquished.

Vanquished Creatures (others)
  A dart slug (D:1)
1 creature vanquished.

Grand Total: 287 creatures vanquished

Notes
Turn   | Place    | Note
-------+----------+-------------------------------------------
     0 | D:1      | galech the Demonspawn Fighter began the quest for the Orb.
     0 | D:1      | Reached XP level 1. HP: 18/18 MP: 1/1
   281 | D:1      | Gained mutation: You have sharp toenails. [demonic
                  | ancestry]
   281 | D:1      | Reached XP level 2. HP: 23/24 MP: 2/2
  1105 | D:2      | Reached skill level 2 in Axes
  1109 | D:2      | Noticed Sigmund
  1116 | D:2      | Killed Sigmund
  1116 | D:2      | Reached skill level 3 in Axes
  1116 | D:2      | Reached skill level 1 in Dodging
  1116 | D:2      | Reached XP level 3. HP: 23/30 MP: 3/3
  1116 | D:2      | Reached XP level 4. HP: 28/37 MP: 4/4
  1116 | D:2      | Gained mutation: You are surrounded by a mild repulsion
                  | field. (EV +2) [demonic ancestry]
  1116 | D:2      | Reached XP level 5. HP: 32/42 MP: 5/5
  1306 | D:2      | Noticed Terence
  1315 | D:2      | Killed Terence
  1550 | D:2      | Gained mutation: You have razor-sharp toenails. [demonic
                  | ancestry]
  1550 | D:2      | Reached XP level 6. HP: 42/48 MP: 6/6
  1826 | D:2      | Noticed Robin
  1859 | D:2      | Killed Robin
  2125 | D:3      | Reached skill level 4 in Axes
  3287 | D:3      | Gained mutation: You have claws for feet. [demonic
                  | ancestry]
  3287 | D:3      | Reached XP level 7. HP: 54/54 MP: 7/7
  3790 | D:4      | Reached skill level 1 in Stealth
  3857 | D:4      | Found a staircase to the Ecumenical Temple.
  3864 | Temple   | Entered the Ecumenical Temple
  3877 | Temple   | Became a worshipper of Warmaster Okawaru
  3903 | D:4      | Reached skill level 5 in Axes
  4096 | D:4      | Found a sacrificial altar of Ru.
  4101 | D:4      | Found a shimmering altar of Xom.
  4101 | D:4      | Found a basalt altar of Yredelemnul.
  4104 | D:4      | Found a glowing golden altar of the Shining One.
  4106 | D:4      | Found an opulent altar of Gozag.
  4190 | D:4      | Found a sparkling altar of Nemelex Xobeh.
  4404 | D:5      | Entered Level 5 of the Dungeon
  4404 | D:5      | Noticed Grinder
  4414 | D:5      | Paralysed by Grinder for 5 turns
  4686 | D:5      | Paralysed by Grinder for 3 turns
  4704 | D:4      | Killed Grinder
  4704 | D:4      | Reached * piety under Okawaru
  4704 | D:4      | Reached XP level 8. HP: 15/61 MP: 8/8
  4982 | D:5      | Reached skill level 6 in Axes
  5289 | D:5      | Found an ornate altar of the Wu Jian Council.
  5312 | D:5      | Reached skill level 5 in Fighting
  5429 | D:5      | Found a transporter.
  5430 | D:5      | Noticed Leeroy's ghost (novice GnSk)
  5445 | D:5      | Found a transporter.
  5640 | D:6      | Reached skill level 7 in Axes
  5640 | D:6      | Reached skill level 5 in Armour
  5710 | D:6      | Reached ** piety under Okawaru
  5889 | D:6      | Gained mutation: You regenerate a little health from kills.
                  | [demonic ancestry]
  5889 | D:6      | Reached XP level 9. HP: 62/68 MP: 9/9
  6134 | D:6      | Reached skill level 5 in Shields
  6384 | D:7      | Found a shattered altar of Ashenzari.
  6384 | D:7      | Found a bloodstained altar of Trog.
  6384 | D:7      | Found a shadowy altar of Dithmenos.
  6398 | D:7      | Reached skill level 8 in Axes
  6669 | D:7      | Found a blossoming altar of Fedhas.
  6967 | D:7      | Reached *** piety under Okawaru
  7152 | D:8      | Found a stormy altar of Qazlal.
  7163 | D:8      | Noticed Prince Ribbit
  7185 | D:8      | Killed Prince Ribbit
  7516 | D:8      | Reached skill level 9 in Axes
  7526 | D:8      | Noticed a two-headed ogre
  7537 | D:8      | Killed a two-headed ogre
  7537 | D:8      | Reached **** piety under Okawaru
  7537 | D:8      | Gained mutation: You are surrounded by a moderate repulsion
                  | field. (EV +3) [demonic ancestry]
  7537 | D:8      | Reached XP level 10. HP: 42/76 MP: 7/10
  7970 | D:8      | Found a staircase to the Lair.
  8133 | D:9      | Noticed a cyclops
  8144 | D:9      | Killed a cyclops
  8415 | D:9      | Reached skill level 10 in Axes
  9239 | D:10     | Entered Level 10 of the Dungeon
  9907 | D:10     | Found a portal to a secret trove of treasure.
 10112 | D:11     | Reached skill level 1 in Invocations
 10171 | D:11     | Found a staircase to the Orcish Mines.
 10235 | D:11     | Noticed a manticore
 10245 | D:11     | Killed a manticore
 10270 | D:11     | Noticed a purple ugly thing
 10288 | D:11     | Killed a purple ugly thing
 10288 | D:11     | Reached ***** piety under Okawaru
 10661 | D:11     | Reached skill level 11 in Axes
 10661 | D:11     | Reached XP level 11. HP: 69/83 MP: 9/12
 10759 | D:11     | Got a heavily jewelled robe
 10770 | D:11     | Identified the +1 robe "Qoge" {rF- rCorr Str+3 Dex+5} (You
                  | found it on level 11 of the Dungeon)
 11315 | Orc:1    | Entered Level 1 of the Orcish Mines
 11485 | Orc:1    | Noticed an ettin
 11491 | Orc:1    | Slain by an ettin

Vault maps used:
D:1:      dpeg_arrival_connections, lemuel_old_faithful
D:2:      first_ration, serial_undead, serial_undead_e, serial_undead_c,
          serial_undead_c, serial_undead_c, serial_undead_d, serial_undead_b,
          uniq_sigmund, uniq_robin, uniq_terence
D:3:      minmay_evil_eye, hangedman_decor_diamond_cutter
D:4:      minitemple, minmay_temple_entry_mist, nemelex_dance_club_becter
D:5:      old_standard_altar, gammafunk_ghost_mausoleum, uniq_grinder
D:6:      hangedman_abyss_or_decor_jellyfish_corner
D:7:      chequers_temple_overflow_statue_of_worship, the_bakery,
          supply_closet_lemuel, fedhas_altar_fruit_tree
D:8:      lair_entry_dummy, nicolae_qazlal_general_emergency,
          uniq_prince_ribbit1
D:10:     trove_entry_hex_spiral
D:11:     orc_0_dummy
Temple:   dshaligram_water_room_temple
Orc:1:    uniq_fannar, uniq_harold, uniq_erolcha, uniq_maurice

Skill      XL: |  1  2  3  4  5  6  7  8  9 10 |
---------------+-------------------------------+-----
Armour         | 3 4 5 6 |  6.8
Axes           | 3 4 5 7 9 11 | 11.1
Dodging        | 1 2 |  2.6
Shields        | 3 4 6 7 |  7.2
Fighting       | 4 5 6 |  6.9
Stealth        | 1 |  1.1
Invocations    | 1 |  1.3
Unarmed Combat | |  0.1

Action                   |  1- 3 |  4- 6 |  7- 9 | 10-12 || total
-------------------------+-------+-------+-------+-------++-------
Melee: War axe           |    55 |   194 |   465 |   327 ||  1041
       Kick              |     5 |    56 |   138 |   119 ||   318
       Unarmed           |       |     2 |       |       ||     2
Invok: Heroism           |       |       |     3 |    10 ||    13
       Finesse           |       |       |       |     1 ||     1
  Use: Potion            |     1 |       |       |       ||     1
       Scroll            |       |       |     6 |     2 ||     8
  Eat: Chunk             |       |     8 |    14 |    13 ||    35
Armor: Scale mail        |    21 |    91 |    91 |       ||   203
       Plate armour      |       |       |   184 |   189 ||   373
Dodge: Dodged            |    17 |    99 |   150 |    75 ||   341
Block: Shield            |    25 |   110 |   240 |   186 ||   561

Table legend:
 A = Non-vault XP
 B = Vault XP
 C = Vault XP percentage of total XP
 D = Non-vault monster count
 E = Vault monster count
 F = Vault count percentage of total count
                 A         B        C        D         E       F
            +---------+---------+-------+---------+---------+-------
      Total |   10868 |    1134 |   9.4 |     257 |      29 |  10.1
            +---------+---------+-------+---------+---------+-------
        D:1 |      32 |       0 |   0.0 |      15 |       0 |   0.0
        D:2 |     141 |     347 |  71.1 |      23 |      22 |  48.9
        D:3 |     229 |      16 |   6.5 |      33 |       2 |   5.7
        D:4 |     438 |     277 |  38.7 |      28 |       3 |   9.7
        D:5 |     650 |       0 |   0.0 |      21 |       0 |   0.0
        D:6 |     976 |       0 |   0.0 |      31 |       0 |   0.0
        D:7 |     669 |     220 |  24.7 |      14 |       1 |   6.7
        D:8 |    1764 |     274 |  13.4 |      17 |       1 |   5.6
        D:9 |    1787 |       0 |   0.0 |      23 |       0 |   0.0
       D:10 |     975 |       0 |   0.0 |      17 |       0 |   0.0
       D:11 |    2882 |       0 |   0.0 |      31 |       0 |   0.0
      Orc:1 |     325 |       0 |   0.0 |       4 |       0 |   0.0
            +---------+---------+-------+---------+---------+-------
